 Dungeon Crawl Stone Soup version 0.25.0-33-gff14898491 (webtiles) character file.

Game seed: 12934908390912383809

23345 nikku the Covert (level 13, -8/92 HPs)
             Began as an Octopode Assassin on July 7, 2020.
             Was an Elder of Dithmenos.
             Killed from afar by a swamp worm (15 damage)
             ... with a harpoon shot
             ... on level 3 of the Lair of Beasts.
             The game lasted 01:12:18 (20756 turns).

nikku the Covert (Octopode Assassin)               Turns: 20756, Time: 01:12:18

Health: -8/92      AC:  6    Str: 11    XL:     13   Next: 6%
Magic:  31/31      EV: 20    Int: 14    God:    Dithmenos [****..]
Gold:   632        SH:  5    Dex: 17    Spells: 12/12 levels left

rFire    . . .     SeeInvis +   l - +3 dagger (speed)
rCold    . . .     Gourm    .   B - +0 buckler
rNeg     . . .     Faith    .   r - +1 hat
rPois    .         Spirit   .   (no amulet)
rElec    .         Reflect  .   e - +4 ring of protection
rCorr    +         Harm     .   g - ring of magical power
MR       .....                  i - ring of magical power
Stlth    +++++++++.             z - ring of see invisible
HPRegen  0.25/turn              F - ring of resist corrosion
MPRegen  0.22/turn              (no ring)
                                (no ring)
                                (no ring)

@: wreathed by umbra
A: almost no armour, stealthy swim, amphibious, 8 rings, constrict 8, camouflage
1, gelatinous body 1
a: Shadow Step, Renounce Religion


You were on level 3 of the Lair of Beasts.
You worshipped Dithmenos.
Dithmenos was greatly pleased with you.
You were not hungry.

You visited 3 branches of the dungeon, and saw 15 of its levels.

You collected 775 gold pieces.
You spent 143 gold pieces at shops.

Inventory:

Hand Weapons
 a - a +2 dagger
 l - a +3 dagger of speed (weapon)
Missiles
 c - 6 curare-tipped darts
 m - 114 sling bullets
 p - 4 silver javelins
 y - 44 poisoned darts (quivered)
Armour
 r - a +1 hat (worn)
 B - a +0 buckler (worn)
Jewellery
 e - a +4 ring of protection (left tentacle)
 g - a ring of magical power (right tentacle)
 i - a ring of magical power (on tentacle)
 z - a ring of see invisible (on tentacle)
 F - a ring of resist corrosion (on tentacle)
 H - an uncursed amulet of guardian spirit {unknown}
Wands
 o - a wand of iceblast (14)
 A - a wand of clouds (6)
 E - a wand of acid (5)
 G - a wand of random effects (28)
 L - a wand of digging (7)
Scrolls
 f - a scroll of teleportation
 j - a scroll of magic mapping
 k - 6 scrolls of remove curse
 u - 4 scrolls of amnesia
 v - a scroll of enchant armour
Potions
 b - 2 potions of invisibility
 h - 3 potions of stabbing
 n - 4 potions of curing
 q - 5 potions of heal wounds
 s - a potion of ambrosia
 t - 2 potions of lignification
 w - a potion of cancellation
 x - a potion of brilliance
 C - 2 potions of flight
 D - a potion of haste
 K - a potion of resistance {unknown}
Comestibles
 d - 17 rations
 I - 4 chunks of flesh


   Skills:
 + Level 10.0 Fighting
 + Level 10.1 Short Blades
 + Level 9.4 Throwing
 + Level 9.8 Dodging
 + Level 13.6 Stealth
 - Level 4.0 Shields


You had 12 spell levels left.
You didn't know any spells.
Your spell library contained the following spells:

 Spells                   Type           Power        Failure   Level  Hunger
 Confusing Touch          Hex            #.......     65%         3    ####...
 Gell's Gravitas          Tloc           #.........   65%         3    ####...
 Petrify                  Tmut/Erth      #.......     96%         4    #####..
 Metabolic Englaciation   Hex/Ice        #.........   100%        5    ######.
 Yara's Violent Unravell  Hex/Tmut       #.........   100%        5    ######.


Dungeon Overview and Level Annotations

Branches:
Dungeon (11/15)            Temple (1/1) D:5            Lair (3/6) D:8
    Orc (0/2) D:9
  Swamp: Lair:2-4    Shoals: Lair:2-4     Snake: Lair:2-4    Spider: Lair:2-4

Altars:
Ashenzari
Cheibriados
Dithmenos
Elyvilon
Fedhas
Gozag
Hepliaklqana
Kikubaaqudgha
Makhleb
Nemelex Xobeh
Okawaru
Qazlal
Ru
Sif Muna
Trog
Uskayaw
Vehumet
Wu Jian
Xom
Yredelemnul
Zin
The Shining One

Shops:
D:5 [   D:6 **=![   D:9 *

Annotations:
D:4 1 runed translucent door
D:11 exclusions: two-headed ogre and ugly thing, Nergalle
Lair:2 exclusion: 3 oklob plants, Urug
Lair:3 1 runed translucent door, Yjeari's ghost, journeyman GrMo


Innate Abilities, Weirdness & Mutations

You cannot wear most types of armour.
You are very stealthy in the water. (Stealth+)
You are amphibious.
You can wear up to eight rings at the same time.
You can use your tentacles to constrict eight enemies at once.
Your skin changes colour to match your surroundings (Stealth+).
Your rubbery body absorbs attacks. (AC +1, EV +1)


Message History

The harpoon shot misses you.
You release your grip on the swamp worm.
The swamp worm fires a harpoon shot at you.
The harpoon shot hits you!
You are yanked forward by the harpoon shot.
The swamp worm barely misses you.
A swamp worm comes into view.
The swamp worm fires a harpoon shot at you.
The harpoon shot hits you!
You are yanked forward by the harpoon shot.
The four-headed hydra roars!
The swamp worm fires a harpoon shot at you.
The harpoon shot hits you!
* * * LOW HITPOINT WARNING * * *
You are yanked forward by the harpoon shot.
The swamp worm bites you!
* * * LOW HITPOINT WARNING * * *
The swamp worm fires a harpoon shot at you.
The harpoon shot hits you!
You die...

♣.......#...# ♣....##...... #
♣.....#...... . ♣....(...... .#
♣...(P..D+# ##.#
♣♣♣♣♣♣♣#♣♣♣♣♣....#l.#.###.P.#
...♣.♣...♣..♣.w.............#
................w...........##
................@............#
.)..........................####
............)...............##.##
..................<.........#.##.
.................................
...#♣......#......#.#........#..#
####♣...####.......#..........#..
..##.♣P#♣##....................#.
.##...♣..##......................


You could see a four-headed hydra, a komodo dragon and 2 swamp worms.

Vanquished Creatures
  A hydra (Lair:3)
  A two-headed ogre (D:9)
  A queen ant (Lair:3)
  An unseen horror (D:11)
  2 deep elf magi (D:11)
  4 elephants (Lair:2)
  A black mamba (Lair:3)
  7 spiny frogs
  A rime drake (Lair:2)
  3 komodo dragons
  A queen bee (Lair:2)
  A troll (D:9)
  A merfolk (D:11)
  A polar bear (Lair:2)
  6 blink frogs
  8 hippogriffs
  A tarantella (shapeshifter) (D:11)
  A wyvern (D:11)
  A basilisk (Lair:2)
  8 yaks
  A steam dragon (Lair:2)
  A hungry ghost (D:11)
  3 wargs (D:8)
  5 soldier ants (Lair:3)
  A swamp worm (Lair:3)
  12 water moccasins
  3 porcupines
  A sky beast (D:11)
  5 orc warriors
  An ice beast (D:10)
  2 necrophages
  6 ogres
  7 wolves
  10 crocodiles
  4 centaurs
  A big kobold (D:9)
  5 bullfrogs
  Blork the orc (D:5)
  A water moccasin zombie (D:7)
  4 scorpions
  35 killer bees
  2 howler monkeys
  A wight (D:7)
  3 electric eels (D:7)
  2 crimson imps
  A bullfrog zombie (D:5)
  A quasit (D:11)
  10 hounds
  2 jellies
  4 orc priests
  2 centaur skeletons
  9 orc wizards
  19 worker ants
  7 iguanas
  A hound skeleton (D:7)
  A howler monkey zombie (D:9)
  4 gnolls (D:7)
  2 river rats (Lair:2)
  3 worker ant zombies
  11 adders
  2 shadow imps
  An ooze (D:2)
  An adder zombie (D:9)
  4 worms
  2 dart slugs
  7 leopard geckos
  29 orcs
  4 bats
  4 giant cockroaches
  5 goblins
  3 hobgoblins
  18 jackals
  4 quokkas
  A ball python (D:2)
  7 frilled lizards
  12 kobolds
  A quokka skeleton (D:4)
  10 rats
360 creatures vanquished.

Vanquished Creatures (others)
  5 fungi (Lair:2)
  A plant (D:7)
6 creatures vanquished.

Grand Total: 366 creatures vanquished

Notes
Turn   | Place    | Note
-------+----------+-------------------------------------------
     0 | D:1      | nikku the Octopode Assassin began the quest for the Orb.
     0 | D:1      | Reached XP level 1. HP: 14/14 MP: 1/1
   419 | D:1      | Reached XP level 2. HP: 17/19 MP: 2/2
   821 | D:2      | Reached XP level 3. HP: 23/24 MP: 3/3
  1254 | D:2      | Reached XP level 4. HP: 29/30 MP: 4/4
  2169 | D:3      | Noticed an ogre
  2189 | D:3      | Killed an ogre
  2189 | D:3      | Reached skill level 6 in Stealth
  2189 | D:3      | Reached XP level 5. HP: 36/36 MP: 5/5
  2296 | D:3      | You fall into a shaft and drop 1 floor!
  2322 | D:4      | Reached XP level 6. HP: 36/42 MP: 6/6
  2655 | D:4      | Noticed an angel
  2656 | D:4      | Found a white marble altar of Elyvilon.
  2658 | D:4      | Found a runed translucent door.
  3502 | D:4      | Reached XP level 7. HP: 46/46 MP: 7/7
  3635 | D:5      | Entered Level 5 of the Dungeon
  3742 | D:5      | Reached skill level 7 in Stealth
  3797 | D:5      | Found a staircase to the Ecumenical Temple.
  3800 | D:5      | Noticed Blork the orc
  3807 | Temple   | Entered the Ecumenical Temple
  4008 | Temple   | Became a worshipper of Dithmenos the Shadowed
  4182 | D:5      | Found Eroig's Armour Emporium.
  4428 | D:5      | Killed Blork the orc
  5032 | D:6      | Found Plog's Armour Boutique.
  5044 | D:6      | Reached XP level 8. HP: 45/53 MP: 8/8
  5122 | D:6      | Found Nullugga's Jewellery Shoppe.
  5152 | D:6      | Found Neqept's General Store.
  5157 | D:6      | Bought a +1 hat for 143 gold pieces
  5256 | D:6      | Found Wiarph's Distillery.
  5341 | D:6      | Found Zedghe's Assorted Antiques.
  5647 | D:7      | Reached * piety under Dithmenos
  5647 | D:7      | Reached skill level 8 in Stealth
  6133 | D:6      | Reached skill level 5 in Fighting
  6218 | D:7      | Reached skill level 5 in Short Blades
  6270 | D:7      | Reached skill level 5 in Throwing
  6595 | D:7      | Found a shimmering altar of Xom.
  7008 | D:7      | Reached XP level 9. HP: 60/60 MP: 9/9
  7056 | D:7      | Reached skill level 5 in Dodging
  7461 | D:6      | Reached skill level 9 in Stealth
  7919 | D:7      | Found a basalt altar of Yredelemnul.
  8186 | D:7      | Reached ** piety under Dithmenos
  8666 | D:8      | Found a staircase to the Lair.
  8708 | D:8      | Reached skill level 1 in Shields
  9764 | D:8      | Reached XP level 10. HP: 69/69 MP: 10/10
 10582 | D:9      | Noticed a two-headed ogre
 10851 | D:9      | Killed a two-headed ogre
 11252 | D:9      | Reached *** piety under Dithmenos
 11278 | D:9      | Found Zinutat's Assorted Antiques.
 11877 | D:9      | Reached skill level 10 in Stealth
 12366 | D:9      | Found a staircase to the Orcish Mines.
 12386 | D:10     | Entered Level 10 of the Dungeon
 13371 | D:10     | Found a shattered altar of Ashenzari.
 13572 | D:11     | Noticed a deep elf mage
 13601 | D:11     | Killed a deep elf mage
 13751 | D:11     | Reached XP level 11. HP: 52/76 MP: 11/11
 14148 | D:11     | Reached skill level 11 in Stealth
 14172 | D:11     | Noticed Nergalle
 14176 | D:11     | Noticed a red ugly thing
 14198 | D:11     | Noticed a two-headed ogre
 14367 | D:11     | Noticed an unseen horror
 14371 | D:11     | Killed an unseen horror
 14400 | D:11     | Noticed a deep elf mage
 14409 | D:11     | Killed a deep elf mage
 14878 | Lair:1   | Entered Level 1 of the Lair of Beasts
 16068 | Lair:1   | Reached **** piety under Dithmenos
 16172 | Lair:2   | Noticed Urug
 16199 | Lair:2   | Reached skill level 12 in Stealth
 16218 | Lair:2   | Reached XP level 12. HP: 84/84 MP: 12/12
 19008 | Lair:3   | Reached skill level 13 in Stealth
 19473 | Lair:3   | Noticed a queen ant
 19476 | Lair:3   | Killed a queen ant
 19559 | Lair:3   | Noticed Yjeari's ghost (journeyman GrMo)
 19560 | Lair:3   | Found a runed translucent door.
 19958 | Lair:2   | Reached skill level 10 in Short Blades
 20386 | Lair:2   | Reached XP level 13. HP: 50/92 MP: 13/13
 20670 | Lair:3   | Reached skill level 10 in Fighting
 20756 | Lair:3   | Killed from afar by a swamp worm

Illustrated notes

Levels and vault maps discovered:
D:1:      minmay_arrival_glassed_features, layout_basic
D:2:      layout_rooms
D:3:      layout_loops_ring, kennysheep_generic_room_5
D:4:      layout_basic, first_ration, grunt_ministairs_4, lemuel_angel_altar
D:5:      layout_rooms, minmay_temple_entry_wispy, serial_shops,
          nicolae_shop_crystal, uniq_blork_the_orc
D:6:      layout_cave_pools, serial_shops, shop, nicolae_shop_stone,
          kennysheep_little_box, kennysheep_mini,
          nicolae_shop_overgrown_old_shop, chequers_serial_rivers_marsh,
          kennysheep_small_spiral, due_unseen_surprise
D:7:      layout_rooms, overflow_temple_1_default, serial_bayou,
          serial_bayou_lagoon_a, serial_bayou_shore_b, serial_bayou_pond_e,
          serial_bayou_shore_b, serial_bayou_pond_d, serial_bayou_pond_b,
          basic_altar, minmay_lizard_king
D:8:      layout_basic, erik_lair_orcish_takeover, serial_curves,
          eino_curves_04, eino_curves_03
D:9:      layout_basic, orc_0_dummy, serial_shops, nicolae_shop_trees,
          serial_glass, glass_columns_a, glass_columns_a
D:10:     layout_grid_maze, basic_altar
D:11:     minmay_slanted_spiral_squares, layout_cave_pools,
          hangedman_stone_soup, uniq_nergalle
Temple:   minmay_crystal_snake_temple
Lair:1:   layout_regular_city
Lair:2:   hangedman_what_comes_after_a, layout_small_grid, minmay_holes,
          uniq_urug
Lair:3:   layout_regular_city, palyth_hydra_swamp_entry, dummy_spider_entry,
          hellmonk_ghost_happy_afterlife, nicolae_lair_grove_arrangements,
          wad_woods_antlair, grunt_megastairs_3

Skill      XL: |  1  2  3  4  5  6  7  8  9 10 11 12 13 |
---------------+----------------------------------------+-----
Dodging        | 2 3 4 6 7 8 9 |  9.8
Fighting       | 3 4 5 6 7 8 9 10 | 10.0
Short Blades   | 3 4 5 6 7 8 10 | 10.1
Throwing       | 3 4 5 6 8 9 |  9.4
Stealth        | 6 7 8 9 10 12 13 | 13.6
Shields        | 3 4 |  4.0

Action                   |  1- 3 |  4- 6 |  7- 9 | 10-12 | 13-15 || total
-------------------------+-------+-------+-------+-------+-------++-------
Melee: Dagger            |    72 |    93 |   429 |   984 |    20 ||  1598
       Constrict         |    15 |    16 |    63 |    98 |     1 ||   193
       Tentacles         |    13 |    22 |    97 |   238 |     7 ||   377
Throw: Dart              |    34 |    34 |   127 |   198 |     9 ||   402
  Use: Scroll            |     3 |     2 |     7 |    14 |       ||    26
       Potion            |       |       |     3 |     4 |       ||     7
 Stab: Sleeping          |     4 |    10 |     8 |    53 |       ||    75
       Distracted        |       |       |     1 |     3 |       ||     4
  Eat: Chunk             |     1 |     7 |    16 |    21 |       ||    45
       Ration            |       |       |     1 |     4 |       ||     5
Armor: Skin              |     5 |    13 |    37 |    34 |     1 ||    90
Dodge: Dodged            |    26 |    39 |   188 |   387 |    11 ||   651
Block: Buckler           |       |       |    19 |   105 |     7 ||   131
